 Dungeon Crawl Stone Soup version 0.30-a0-459-g9104f0fc43 (webtiles) character file.

Game seed: 1185286491485004014

1 demibob the Trooper (level 1, 0/18 HPs)
             Began as a Demonspawn Monk on Dec 16, 2022.
             Slain by a quokka (3 damage)
             ... on level 1 of the Dungeon.
             The game lasted 00:00:28 (114 turns).

demibob the Trooper (Demonspawn Monk)                Turns: 114, Time: 00:00:29

Health: 0/18       AC:  2    Str: 11    XL:     1   Next: 16%
Magic:  1/1        EV: 12    Int: 11    God:
Gold:   5          SH:  0    Dex: 15    Spells: 0/0 levels left

rFire   . . .      SeeInvis .      - Unarmed
rCold   . . .      Faith    .    (no shield)
rNeg    . . .      Spirit   .    a - +0 robe
rPois   .          Reflect  .    (no helmet)
rElec   .          Harm     .    (no cloak)
rCorr   .          Rampage  .    (no gloves)
Will    .....                    (no boots)
Stlth   ++........               (no amulet)
HPRegen 0.23/turn                (no ring)
MPRegen 0.07/turn                (no ring)

@: no status effects
A: no striking features
a: no special abilities


You were on level 1 of the Dungeon.
You visited 1 branch of the dungeon, and saw 1 of its levels.

You collected 5 gold pieces.


   Skills:
 - Level 3.0 Fighting
 - Level 2.6 Dodging
 - Level 1.7 Stealth
 + Level 2.8 Unarmed Combat


You couldn't memorise any spells.
You didn't know any spells.
Your spell library was empty.

Inventory:

Armour
 a - a +0 robe (worn)
Scrolls
 c - a scroll of identify {unknown}
Potions
 b - a potion of ambrosia

Dungeon Overview and Level Annotations

Branches:
Dungeon (1/15)

Altars:

###########
#.........#
#.!.......#
#$........# ....#
######.........# .....
.........r.....# .....
..........@....#
≈~≈~~≈~~~~~.....b....#
≈~≈≈≈≈≈≈≈≈~..........#
≈~≈≈≈ ≈≈≈≈~..........#
≈≈≈# #≈≈≈..:########
#+## +≈≈~...# ...#
+≈≈~...#
##.#+#+#≈≈~...#
.#...#≈≈≈~....#


You could see a quokka and a bat.


Message History

The quokka is almost dead.
The bat hits you. The quokka bites you. The rat bites you.
* * * LOW HITPOINT WARNING * * *
You are too injured to fight recklessly!
You are too injured to fight recklessly!
You hit the rat.
The rat is heavily wounded.
The bat barely misses you. The bat hits you but does no damage.
The quokka closely misses you. The rat misses you.
You hit the rat.
You kill the rat!
The bat hits you.
* * * LOW HITPOINT WARNING * * *
The quokka barely misses you. The bat misses you.
You hit the bat but do no damage. The bat hits you but does no damage.
The quokka bites you but does no damage.
The bat hits you.
* * * LOW HITPOINT WARNING * * *
You closely miss the bat. The bat closely misses you.
The bat hits you but does no damage. The quokka barely misses you.
The bat hits you.
* * * LOW HITPOINT WARNING * * *
The quokka bites you.
* * * LOW HITPOINT WARNING * * *
You hit the bat but do no damage. The bat hits you but does no damage.
The quokka closely misses you.
You hit the bat.
The bat is severely wounded.
The bat barely misses you. The quokka bites you.
You die...

Action                   || total
-------------------------++-------
Melee: Unarmed           ||     9
Armor: Robe              ||     5
Dodge: Dodged            ||    11

Levels and vault maps discovered:
D:1:      dpeg_arrival_castle, layout_rooms, st_stairs_12

Notes
Turn   | Place    | Note
-------+----------+-------------------------------------------
     0 | D:1      | demibob the Demonspawn Monk began the quest for the Orb.
     0 | D:1      | Reached XP level 1. HP: 18/18 MP: 1/1
   114 | D:1      | Slain by a quokka

Vanquished Creatures
  2 rats (D:1)
2 creatures vanquished.

Table legend: (Time is in decaauts)
 A = Elapsed time spent in this place.
 B = Non-inter-level travel time spent in this place.
 C = Inter-level travel time spent in this place.
 D = Time resting spent in this place.
 E = Time spent auto-exploring this place.
 F = Levels seen in this place.
 G = Mean time per level.
                   A        B        C        D        E       F      G
               +--------+--------+--------+--------+--------+-----+--------+
         Total |    116 |    116 |      0 |      0 |     79 |   1 |  116.0 |
       Dungeon |    116 |    116 |      0 |      0 |     79 |   1 |  116.0 |
               +--------+--------+--------+--------+--------+-----+--------+

Top non-repeatable levels by time:
     D:1: 116 daAuts

Table legend:
 A = Non-vault XP
 B = Vault XP
 C = Vault XP percentage of total XP
 D = Non-vault monster count
 E = Vault monster count
 F = Vault count percentage of total count
                 A         B        C        D         E       F
            +---------+---------+-------+---------+---------+-------
      Total |       2 |       0 |   0.0 |       2 |       0 |   0.0
            +---------+---------+-------+---------+---------+-------
        D:1 |       2 |       0 |   0.0 |       2 |       0 |   0.0
            +---------+---------+-------+---------+---------+-------
